 Dungeon Crawl Stone Soup version 0.22.1-1-ga44c0e56f4 (webtiles) character file.

3403 Freyura the Nimble (level 10, -2/77 HPs)
             Began as a Gnoll Gladiator on Sept 30, 2018.
             Was a Follower of Ashenzari.
             Killed from afar by a steam dragon (12 damage)
             ... with a ball of steam
             ... on level 8 of the Dungeon.
             The game lasted 00:25:42 (5742 turns).

Freyura the Nimble (Gnoll Gladiator)                Turns: 5742, Time: 00:25:43

Health: -2/77      AC: 10    Str: 16      XL:     10   Next: 4%
Magic:  0/26       EV: 18    Int: 12      God:    Ashenzari [*.....]
Gold:   400        SH:  6    Dex: 18 (19) Spells: 18/18 levels left

rFire    . . .     SeeInvis .   y - +0 morningstar (curse)
rCold    . . .     Gourm    .   l - +0 buckler
rNeg     . . .     Faith    .   b - +0 leather armour
rPois    .         Spirit   +   c - +0 helmet
rElec    .         Reflect  .   h - +0 cloak
rCorr    .         Harm     .   E - +0 pair of gloves
MR       .....                  e - +0 pair of boots
Stlth    +++.......             z - amulet of guardian spirit
HPRegen  0.22/turn              i - ring of flight
MPRegen  0.20/turn              r - ring of magical power

@: no status effects
A: distributed training, fangs 1, thin metallic scales 1, deterioration 1,
strong nose
a: Curse Item, Scrying, Renounce Religion, Evoke Flight


You were on level 8 of the Dungeon.
You worshipped Ashenzari.
Ashenzari was aware of your devotion.
You were not hungry.

You visited 2 branches of the dungeon, and saw 9 of its levels.

You collected 400 gold pieces.

Inventory:

Hand Weapons
 a - a +1 flail
 y - a cursed +0 morningstar (weapon)
Missiles
 d - 3 throwing nets (quivered)
Armour
 b - a +0 leather armour (worn)
 c - a +0 helmet (worn)
 e - a +0 pair of boots (worn)
 h - a +0 cloak (worn)
 k - a +1 hat
 l - a +0 buckler (worn)
 E - a +0 pair of gloves (worn)
Jewellery
 i - a ring of flight (left hand)
 r - a ring of magical power (right hand)
 z - an amulet of guardian spirit (around neck)
Wands
 n - a wand of paralysis (4)
 s - a wand of iceblast (7)
 A - a wand of polymorph (12)
 G - a wand of acid (6)
 H - a wand of scattershot (5)
Scrolls
 j - a scroll of blinking
 t - 2 scrolls of amnesia
 v - 3 scrolls of teleportation
 B - 2 scrolls of remove curse
 F - 4 scrolls of identify
 I - a scroll of fear
Potions
 g - 9 potions of curing
 m - 2 potions of flight
 o - 2 potions of agility
 p - a potion of haste
 q - 2 potions of invisibility
 u - 5 potions of lignification
 w - 2 potions of resistance
 x - a potion of ambrosia
 C - a potion of magic
 D - a potion of heal wounds
Comestibles
 f - 9 rations


   Skills:
 + Level 6.7 Fighting
 + Level 4.7 Short Blades
 + Level 4.7 Long Blades
 + Level 4.7 Axes
 + Level 8.2 Maces & Flails
 + Level 4.7 Polearms
 + Level 4.7 Staves
 + Level 4.7 Slings
 + Level 4.7 Bows
 + Level 4.7 Crossbows
 + Level 6.7 Throwing
 + Level 4.7 Armour
 + Level 8.2 Dodging
 + Level 4.7 Stealth
 + Level 4.7 Shields
 + Level 4.7 Unarmed Combat
 + Level 4.7 Spellcasting
 + Level 3.9 Conjurations
 + Level 3.9 Hexes
 + Level 3.9 Charms
 + Level 3.9 Summonings
 + Level 3.9 Necromancy
 + Level 3.9 Translocations
 + Level 3.9 Transmutations
 + Level 3.9 Fire Magic
 + Level 3.9 Ice Magic
 + Level 3.9 Air Magic
 + Level 3.9 Earth Magic
 + Level 3.9 Poison Magic
 + Level 5.2 Invocations
 + Level 4.7 Evocations


You had 18 spell levels left.
You didn't know any spells.
Your spell library contained the following spells:

 Spells                   Type           Power        Failure   Level  Hunger
 Shock                    Conj/Air       ##..         4%          1    None
 Swiftness                Chrm/Air       ##......     8%          2    ##.....
 Static Discharge         Conj/Air       ##......     14%         3    ###....
 Airstrike                Air            ##........   43%         4    ####...
 Lightning Bolt           Conj/Air       ##........   80%         5    ######.


Dungeon Overview and Level Annotations

Branches:
Dungeon (8/15)             Temple (1/1) D:4
   Lair: D:8-11

Altars:
Ashenzari
Cheibriados
Dithmenos
Elyvilon
Fedhas
Gozag
Hepliaklqana
Kikubaaqudgha
Makhleb
Nemelex Xobeh
Okawaru
Qazlal
Ru
Trog
Uskayaw
Vehumet
Wu Jian
Xom
Yredelemnul
Zin
The Shining One

Shops:
D:5 [


Innate Abilities, Weirdness & Mutations

Your experience applies equally to all skills.
You have very sharp teeth.
Your uncanny sense of smell can sniff out nearby items.
You are partially covered in thin metallic scales. (AC +2)
Your body sometimes deteriorates upon taking damage.


Message History

The steam dragon breathes steam at you. The ball of steam hits you!
* * * LOW HITPOINT WARNING * * *
Your body deteriorates!
You feel clumsy.
You hear a bellow!
The steam dragon bites you!
* * * LOW HITPOINT WARNING * * *
The steam dragon claws you but does no damage.
You sock the steam dragon!
You bite the steam dragon, but do no damage.
The steam dragon is heavily wounded.
The steam dragon breathes steam at you. The ball of steam hits you!
* * * LOW HITPOINT WARNING * * *
You hit the steam dragon.
You bite the steam dragon, but do no damage.
The steam dragon is heavily wounded.
The steam dragon breathes steam at you. The ball of steam hits you!
You die...

#########...#..#..
#.............#
..#.. #..
#####.##((.# ##.....
.>##
#....(.##.......
...#
##..#...........
...#
##....###.......
...##
#...†)§........
....# ##.....##D§.#.
...(# .......§.§@§.#
.......#.....§.###.#
...#...[.#.....# #
............#..#
....##.........# ∆ ∆
.............#.#
.......#........
...... ....###.. ∆
.....


You could see a steam dragon.

Vanquished Creatures
  A spriggan (D:7)
  Duvessa (D:6)
  A water moccasin (D:8)
  A sky beast (D:8)
  2 necrophages (D:8)
  A phantom (D:7)
  An ice beast (D:7)
  6 ogres
  4 centaurs
  2 big kobolds (D:7)
  2 crocodiles (D:8)
  6 bullfrogs
  Dowan (D:6)
  2 scorpions
  A jelly (D:6)
  7 crimson imps
  A quasit (D:6)
  6 hounds
  An orc priest (D:3)
  3 iguanas
  2 orc wizards (D:3)
  3 worker ants
  A hound zombie (D:5)
  A hound skeleton (D:8)
  A worker ant zombie (D:7)
  Robin (D:3)
  A howler monkey zombie (D:5)
  4 adders
  2 shadow imps
  3 oozes
  3 adder skeletons
  5 worms
  4 leopard geckos
  16 orcs
  7 giant cockroaches
  17 goblins
  10 hobgoblins
  5 jackals
  3 quokkas
  2 ball pythons (D:1)
  4 bats
  2 frilled lizards (D:3)
  A jackal skeleton (D:5)
  19 kobolds
  A leopard gecko skeleton (D:5)
  A leopard gecko zombie (D:5)
  A quokka zombie (D:6)
  3 rats
173 creatures vanquished.

Vanquished Creatures (others)
  2 fungi (D:8)
  2 plants (D:8)
4 creatures vanquished.

Grand Total: 177 creatures vanquished

Notes
Turn   | Place    | Note
-------+----------+-------------------------------------------
     0 | D:1      | Freyura the Gnoll Gladiator began the quest for the Orb.
     0 | D:1      | Reached XP level 1. HP: 20/20 MP: 1/1
    44 | D:1      | Reached XP level 2. HP: 17/26 MP: 2/2
   163 | D:1      | Reached XP level 3. HP: 27/31 MP: 3/3
   739 | D:2      | Found a sparkling altar of Nemelex Xobeh.
   828 | D:2      | Reached skill level 1 in Invocations
  1132 | D:2      | Found a shadowy altar of Dithmenos.
  1247 | D:2      | Found a basalt altar of Yredelemnul.
  1253 | D:2      | Reached skill level 1 in Short Blades
  1253 | D:2      | Reached skill level 1 in Long Blades
  1253 | D:2      | Reached skill level 1 in Axes
  1253 | D:2      | Reached skill level 1 in Polearms
  1253 | D:2      | Reached skill level 1 in Staves
  1253 | D:2      | Reached skill level 1 in Slings
  1253 | D:2      | Reached skill level 1 in Bows
  1253 | D:2      | Reached skill level 1 in Crossbows
  1253 | D:2      | Reached skill level 1 in Armour
  1253 | D:2      | Reached skill level 1 in Stealth
  1253 | D:2      | Reached skill level 1 in Shields
  1253 | D:2      | Reached skill level 1 in Unarmed Combat
  1253 | D:2      | Reached skill level 1 in Spellcasting
  1253 | D:2      | Reached skill level 1 in Evocations
  1510 | D:2      | Reached XP level 4. HP: 38/38 MP: 5/5
  1574 | D:2      | Found a white marble altar of Elyvilon.
  1616 | D:2      | Gained mutation: Your body sometimes deteriorates upon
                  | taking damage. [potion of mutation]
  1616 | D:2      | Gained mutation: You are partially covered in thin metallic
                  | scales. (AC +2) [potion of mutation]
  1748 | D:3      | Reached skill level 1 in Conjurations
  1748 | D:3      | Reached skill level 1 in Hexes
  1748 | D:3      | Reached skill level 1 in Charms
  1748 | D:3      | Reached skill level 1 in Summonings
  1748 | D:3      | Reached skill level 1 in Necromancy
  1748 | D:3      | Reached skill level 1 in Translocations
  1748 | D:3      | Reached skill level 1 in Transmutations
  1748 | D:3      | Reached skill level 1 in Fire Magic
  1748 | D:3      | Reached skill level 1 in Ice Magic
  1748 | D:3      | Reached skill level 1 in Air Magic
  1748 | D:3      | Reached skill level 1 in Earth Magic
  1748 | D:3      | Reached skill level 1 in Poison Magic
  1748 | D:3      | Reached XP level 5. HP: 28/43 MP: 6/6
  1823 | D:3      | Found a shimmering altar of Xom.
  1834 | D:3      | Found a radiant altar of Vehumet.
  1847 | D:3      | Reached XP level 6. HP: 50/50 MP: 8/8
  1983 | D:3      | Found a sacrificial altar of Ru.
  2027 | D:3      | Noticed Robin
  2054 | D:3      | Killed Robin
  2094 | D:3      | Reached skill level 5 in Fighting
  2094 | D:3      | Reached skill level 5 in Throwing
  2555 | D:4      | Reached XP level 7. HP: 47/56 MP: 10/10
  2612 | D:4      | Found a staircase to the Ecumenical Temple.
  2621 | Temple   | Entered the Ecumenical Temple
  2686 | Temple   | Became a worshipper of Ashenzari the Shackled
  3370 | D:5      | Entered Level 5 of the Dungeon
  3433 | D:5      | Found an ornate altar of the Wu Jian Council.
  3488 | D:5      | Found an iron altar of Okawaru.
  3604 | D:5      | Found Leckatheej's Antique Armour Shop.
  4055 | D:6      | Noticed Duvessa
  4055 | D:6      | Noticed Dowan
  4073 | D:6      | Reached XP level 8. HP: 45/63 MP: 12/12
  4081 | D:6      | Killed Duvessa
  4087 | D:6      | Killed Dowan
  5065 | D:7      | Reached * piety under Ashenzari
  5156 | D:7      | Noticed a spriggan baker
  5172 | D:7      | Killed a spriggan baker
  5224 | D:7      | Reached XP level 9. HP: 67/69 MP: 14/14
  5635 | D:8      | Found a burning altar of Makhleb.
  5641 | D:8      | Reached skill level 5 in Invocations
  5702 | D:8      | Reached XP level 10. HP: 57/77 MP: 17/17
  5742 | D:8      | Killed from afar by a steam dragon

Skill      XL: |  1  2  3  4  5  6  7  8  9 |
---------------+----------------------------+-----
Invocations    | 1 2 3 4 5 |  5.2
Short Blades   | 1 2 3 4 |  4.7
Long Blades    | 1 2 3 4 |  4.7
Axes           | 1 2 3 4 |  4.7
Polearms       | 1 2 3 4 |  4.7
Staves         | 1 2 3 4 |  4.7
Slings         | 1 2 3 4 |  4.7
Bows           | 1 2 3 4 |  4.7
Crossbows      | 1 2 3 4 |  4.7
Armour         | 1 2 3 4 |  4.7
Stealth        | 1 2 3 4 |  4.7
Shields        | 1 2 3 4 |  4.7
Unarmed Combat | 1 2 3 4 |  4.7
Spellcasting   | 1 2 3 4 |  4.7
Evocations     | 1 2 3 4 |  4.7
Conjurations   | 1 2 3 |  3.9
Hexes          | 1 2 3 |  3.9
Charms         | 1 2 3 |  3.9
Summonings     | 1 2 3 |  3.9
Necromancy     | 1 2 3 |  3.9
Translocations | 1 2 3 |  3.9
Transmutations | 1 2 3 |  3.9
Fire Magic     | 1 2 3 |  3.9
Ice Magic      | 1 2 3 |  3.9
Air Magic      | 1 2 3 |  3.9
Earth Magic    | 1 2 3 |  3.9
Poison Magic   | 1 2 3 |  3.9
Fighting       | 5 6 |  6.7
Throwing       | 5 6 |  6.7
Maces & Flails | 7 8 |  8.2
Dodging        | 7 8 |  8.2

Action                   |  1- 3 |  4- 6 |  7- 9 | 10-12 || total
-------------------------+-------+-------+-------+-------++-------
Melee: Flail             |   123 |   125 |    87 |       ||   335
       Bite              |    14 |    15 |    56 |     2 ||    87
       Morningstar       |       |       |   297 |    19 ||   316
Invok: Curse Item        |       |       |     1 |       ||     1
 Abil: Evoke Flight      |     2 |       |       |       ||     2
  Use: Scroll            |     2 |     9 |     9 |       ||    20
       Potion            |     1 |     3 |       |       ||     4
 Stab: Sleeping          |     4 |     2 |     5 |       ||    11
  Eat: Ration            |     1 |     1 |     4 |       ||     6
Armor: Leather armour    |    15 |    24 |    92 |     1 ||   132
Dodge: Dodged            |    70 |    87 |   343 |    10 ||   510
Block: Buckler           |    10 |    28 |   117 |     1 ||   156
